 Dungeon Crawl Stone Soup version 0.18.1-48-g4cf74bf (webtiles) character file.

50 MBI the Chiller (level 3, -2/24 HPs)
             Began as a Merfolk Ice Elementalist on July 5, 2016.
             Slain by Crazy Yiuf
             ... wielding a +2 quarterstaff of chaos
              (10 damage)
             ... on level 3 of the Dungeon.
             The game lasted 00:26:51 (1826 turns).

MBI the Chiller (Merfolk Ice Elementalist)          Turns: 1826, Time: 00:26:51

Health: -2/24      AC:  2    Str:  8    XL:     3   Next: 79%
Magic:  4/7        EV: 13    Int: 15    God:
Gold:   139        SH:  0    Dex: 14    Spells: 2 memorised, 4 levels left

rFire  . . .     SeeInvis .     k - +0 spear
rCold  . . .     Gourm    .     e - +0 robe
rNeg   . . .     Faith    .     (no shield)
rPois  .         Spirit   .     (no helmet)
rElec  .         Dismiss  .     (no cloak)
rCorr  .         Reflect  .     (no gloves)
SustAt .         Harm     .     (no boots)
MR     .....                    n - amulet of rage
Stlth  ++........               (no ring)
                                (no ring)

@: exhausted, very slightly contaminated, slowed, very slow, not resistant to
hostile enchantments, unstealthy
A: change form in water, swift swim
a: Evoke Berserk Rage


You were on level 3 of the Dungeon.
You were not hungry.

You visited 1 branch of the dungeon, and saw 3 of its levels.

You collected 139 gold pieces.

Inventory:

Hand Weapons
 d - a +1 short sword of speed
 k - a +0 spear (weapon)
 m - a +0 short sword
 q - a +0 hunting sling
Missiles
 j - 52 stones (quivered)
Armour
 e - a +0 robe (worn)
Jewellery
 n - an amulet of rage (around neck)
Scrolls
 f - a scroll of remove curse
 g - a scroll of magic mapping {unknown}
 h - 4 scrolls of identify
 o - a scroll of random uselessness
 p - a scroll of enchant weapon {unknown}
 r - a scroll of teleportation {unknown}
Potions
 a - a potion of haste {unknown}
 i - a potion of curing {unknown}
Books
 b - a book of Frost

   Spells                             Type                      Level
   a - Freeze                         Ice                          1
   b - Throw Frost                    Conjuration/Ice              2
   c - Ozocubu's Armour               Charms/Ice                   3
   d - Throw Icicle                   Conjuration/Ice              4
   e - Summon Ice Beast               Ice/Summoning                4
Comestibles
 l - a meat ration


   Skills:
 + Level 0.2 Short Blades
 - Level 0.2 Throwing
 + Level 2.9 Dodging
 + Level 2.3 Stealth
 + Level 2.9 Spellcasting
 + Level 0.7 Conjurations
 + Level 4.0 Ice Magic


You had 4 spell levels left.
You knew the following spells:

 Your Spells              Type           Power        Failure   Level  Hunger
a - Freeze                Ice            ##..         4%          1    #......
b - Throw Frost           Conj/Ice       #.....       12%         2    ##.....


Dungeon Overview and Level Annotations

Branches:
Dungeon (3/15)

Altars:
Okawaru

Annotations:
D:3 Crazy Yiuf


Message History

Aim: Crazy Yiuf, wielding a quarterstaff of chaos and wearing a cloak (lightly wounded)
You miscast Throw Frost.
You are very lightly contaminated with residual magic.
Nothing appears to happen.
A red film seems to cover your vision as you go berserk!
You feel yourself moving faster!
You feel mighty!
Crazy Yiuf laughs, "Lay!"
Crazy Yiuf hits you with a quarterstaff of chaos!
You completely miss Crazy Yiuf.
Crazy Yiuf is lightly wounded.
Crazy Yiuf hits you with a quarterstaff of chaos!
Crazy Yiuf burns you.
* * * LOW HITPOINT WARNING * * *
You feel a strong urge to attack something.
Crazy Yiuf yells, "Buddy!"
You feel your anger subside.
You are no longer berserk.
You are exhausted.
You feel yourself slow down.
Crazy Yiuf hits you with a quarterstaff of chaos!
You die...

###)# #.... ####
#.#.. ..# #.#.. #.#
######.#.#
#.#####......... ###
♣♣###...............
#)..#♣♣
♣♣P+...#####.####.##.
#.....♣♣♣♣..g@..# #.#
#.# .
#...#♣g.♣..♣...## #.#
#.# . ### ♣♣♣.♣..+.##
#.# #.# . ♣♣♣♣♣###
#.# #.# . #.# #.# #
#.# #.#


You could see Crazy Yiuf.

Vanquished Creatures
  2 adders (D:2)
  A worm (D:2)
  A dart slug (D:2)
  2 goblins
  A hobgoblin (D:1)
  9 bats
  3 giant newts
  5 kobolds
  8 rats
  4 fungi (D:3)
36 creatures vanquished.

Notes
Turn   | Place    | Note
--------------------------------------------------------------
     0 | D:1      | MBI the Merfolk Ice Elementalist began the quest for the Orb.
     0 | D:1      | Reached XP level 1. HP: 13/13 MP: 3/3
   292 | D:1      | Reached XP level 2. HP: 18/19 MP: 3/5
   319 | D:1      | Learned a level 2 spell: Throw Frost
   927 | D:2      | Found an iron altar of Okawaru.
   998 | D:2      | Reached XP level 3. HP: 24/24 MP: 6/6
  1659 | D:3      | Reached skill level 4 in Ice Magic
  1812 | D:3      | Noticed Crazy Yiuf
  1826 | D:3      | Slain by Crazy Yiuf

Skill      XL: |  1  2  3 |
---------------+----------+-----
Ice Magic      | 4 |  4.0
Short Blades   | |  0.2
Throwing       | |  0.2
Dodging        | |  2.9
Stealth        | |  2.3
Spellcasting   | |  2.9
Conjurations   | |  0.7

Action                   || total
-------------------------++-------
Melee: Unarmed           ||     4
       Dagger            ||    14
       Short sword       ||    28
       Spear             ||    75
Throw: Stone             ||    15
 Cast: Freeze            ||    23
       Throw Frost       ||    11
 Abil: Evoke Berserk Rag ||     1
  Use: Scroll            ||     4
       Potion            ||     1
  Eat: Beef jerky        ||     1
       Bread ration      ||     1
       Chunk             ||     1
Armor: Robe              ||     9
Dodge: Dodged            ||    41
